 Dungeon Crawl Stone Soup version 0.25-a0-558-g78a2afb0af (webtiles) character file.

Game seed: 2265411726572628197, levelgen mode: classic

6652 EnegeticOcto the Cleaver (level 10, 45/96 HPs)
             Began as a Deep Dwarf Fighter on Feb 24, 2020.
             Was a Believer of Makhleb.
             Quit the game on level 10 of the Dungeon.
             The game lasted 00:04:33 (5346 turns).

EnegeticOcto the Cleaver (Deep Dwarf Fighter)       Turns: 5346, Time: 00:04:34

Health: 45/96      AC: 15    Str: 22    XL:     10   Next: 73%
Magic:  5/5        EV:  7    Int: 10    God:    Makhleb [**....]
Gold:   413        SH: 14    Dex: 12    Spells: 9/9 levels left

rFire    . . .     SeeInvis .   a - +0 war axe
rCold    . . .     Gourm    .   c - +0 kite shield
rNeg     . . .     Faith    .   i - +0 plate armour
rPois    +         Spirit   .   g - +0 helmet
rElec    .         Reflect  +   p - +0 cloak
rCorr    .         Harm     .   (no gloves)
MR       +....                  (no boots)
Stlth    ..........             o - +3 amulet of reflection
HPRegen  0.00/turn              (no ring)
MPRegen  0.09/turn              (no ring)

@: non-regenerating
A: damage resistance, heal wounds, sense surroundings 2, poison resistance,
MP-powered wands, no regeneration
a: Heal Wounds, Minor Destruction, Renounce Religion


You were on level 10 of the Dungeon.
You worshipped Makhleb.
Makhleb was pleased with you.
You were hungry.

You visited 2 branches of the dungeon, and saw 11 of its levels.
You also visited: Sewer.

You collected 445 gold pieces.
You spent 32 gold pieces at shops.

Inventory:

Hand Weapons
 a - a +0 war axe (weapon)
Missiles
 r - 2 throwing nets (quivered)
Armour
 c - a +0 kite shield (worn)
 g - a +0 helmet (worn)
 i - a +0 plate armour (worn)
 p - a +0 cloak (worn)
Jewellery
 o - a +3 amulet of reflection (around neck)
Wands
 f - a wand of paralysis (8)
 q - a wand of digging (1) {@v2}
 v - a wand of scattershot (7)
Scrolls
 b - a scroll of fog
 h - a scroll of immolation {@r4}
 l - 3 scrolls of remove curse {@r6}
 n - 7 scrolls of teleportation {@r2}
Potions
 d - 6 potions of curing {@q1}
 j - a potion of haste {unknown}
 k - a potion of might {@q3}
 m - 3 potions of heal wounds {@q2}
 s - a potion of lignification {@q7}
 u - 2 potions of flight
Comestibles
 e - 24 rations
 t - 7 chunks of flesh


   Skills:
 * Level 7.9 Fighting
 * Level 9.2 Axes
 + Level 7.0 Armour
 + Level 6.2 Dodging
 + Level 7.1 Shields
 * Level 8.1 Invocations


You had 9 spell levels left.
You didn't know any spells.
Your spell library was empty.

Dungeon Overview and Level Annotations

Branches:
Dungeon (10/15)            Temple (1/1) D:5           Sewer (visited)
   Lair: D:8-11         Orc: D:9-12

Altars:
Ashenzari
Elyvilon
Makhleb
Nemelex Xobeh
Okawaru
Qazlal
Ru
Sif Muna
Wu Jian
Xom
Zin
The Shining One

Shops:
D:9 [:[*


Innate Abilities, Weirdness & Mutations

You are resistant to damage.
You can heal yourself by infusing magical energy.
You passively map the area around you.
You do not regenerate.
Your system is resistant to poisons. (rPois)
You expend magic power (3 MP) to strengthen your wands.


Message History

Things that are here:
a +0 hand axe; a +0 scale mail
Found a helmet.
You see here a helmet.
Deactivating autopickup; reactivate with Ctrl-A.
You hit something. Something hits you but does no damage.
Something hits you but does no damage.
Found 9 gold pieces.
There is a strange disturbance nearby!
No target in view!
No target in view!
No target in view!
No target in view!
No target in view!
No target in view!
No target in view!
No target in view!
No target in view!
No target in view!
No target in view!
No target in view!
Something completely misses you. You block something's attack.
You block something's attack. Something hits you.
You swing at nothing.
Something hits you.
You completely miss something. You block something's attack.
You swing at nothing.
Something hits you but does no damage.
You completely miss something. Something hits you but does no damage.
Your shield and plate armour prevent you from hitting something.
Something hits you but does no damage.
You swing at nothing.
Something hits you but does no damage.
You miss something. Something hits you but does no damage.
You swing at nothing.
Something hits you but does no damage.
You miss something. Something hits you.
You swing at nothing.
Something completely misses you.
You swing at nothing.
Something hits you but does no damage.
You swing at nothing.
Something hits you but does no damage.
You slash something! Something hits you.
You swing at nothing.
Something hits you but does no damage.
You hit something. Something hits you but does no damage.
You miss something. Something hits you.
You swing at nothing.
You closely miss something. Something hits you but does no damage.
You swing at nothing.
Something hits you.
You swing at nothing.
Something hits you but does no damage.
You swing at nothing.
Something hits you but does no damage.
You swing at nothing.
Something hits you but does no damage.
You swing at nothing.
Something hits you but does no damage.
You closely miss something. Something hits you but does no damage.
You swing at nothing.
Something hits you but does no damage.
You barely miss something. Something hits you but does no damage.
You swing at nothing.
You are feeling hungry.
Something hits you but does no damage.
You swing at nothing.
Something hits you but does no damage.
You hit something but do no damage. Something hits you but does no damage.
You block something's attack.
You swing at nothing.
Something hits you but does no damage. x2
You swing at nothing.
Something hits you!
You hit something. Something hits you but does no damage. Something hits you.
Your plate armour prevents you from hitting something.
Something hits you but does no damage.
You swing at nothing.
Something hits you.
You miss something. Something hits you. Something hits you but does no damage.
You swing at nothing.
Something hits you!
Your shield and plate armour prevent you from hitting something.
Something hits you.
Your shield and plate armour prevent you from hitting something.
Something hits you.
You swing at nothing.
You block something's attack.
You swing at nothing.
Something hits you.
You closely miss something.
Something hits you but does no damage. x2
You slash something!
Something hits you but does no damage. x2
You completely miss something. Something hits you but does no damage.
Something hits you.
You swing at nothing.
Something hits you but does no damage.
You swing at nothing.
Something hits you.
You swing at nothing.
Something hits you!
You swing at nothing.
Something hits you.
You swing at nothing.
Something hits you.
You swing at nothing.
Something hits you.
You swing at nothing.
Something hits you but does no damage.
You miss something. You block something's attack.
Some of the chunks of flesh in your inventory have rotted away.
You closely miss something. Something hits you but does no damage.
You swing at nothing.
Something hits you but does no damage.
You hit something but do no damage. Something hits you.
Something hits you but does no damage.
You hit something but do no damage. You block something's attack.
You hit something. Something hits you but does no damage.
You swing at nothing.
You block something's attack.
You miss something. Something hits you but does no damage.
Your shield and plate armour prevent you from hitting something.
Something hits you.
You swing at nothing.
You block something's attack.
You hit something. Something hits you!
You swing at nothing.
Something hits you but does no damage.
You miss something. Something hits you.
Are you sure you want to abandon this character and quit the game? (Confirm with "yes".)

, , , #.$. ,, #. *
* #..#* *** #.
#..# #. #.#####..#
* ## #........# *
##### * #.#* #####
..... #.#
#...########
#.#####.........).
#@..[.....########
###########


There were no monsters in sight!

Vanquished Creatures
  A two-headed ogre (D:10)
  2 centaur zombies (D:9)
  A troll (D:9)
  Grinder (D:5)
  Eustachio (D:6)
  2 wyverns
  A hungry ghost (D:8)
  A hornet zombie (D:10)
  3 orc warriors
  A phantom (D:4)
  2 black bears
  2 sky beasts
  A necrophage (D:9)
  5 centaurs
  4 ogres
  A big kobold (D:6)
  4 bullfrogs
  A gnoll sergeant (D:9)
  A wyvern zombie (D:9)
  A wyvern skeleton (D:8)
  6 scorpions
  A water moccasin skeleton (D:8)
  7 howler monkeys
  4 crimson imps
  A jelly (D:5)
  A centaur skeleton (D:7)
  Crazy Yiuf (D:5)
  3 bullfrog skeletons
  3 hounds
  3 orc priests
  2 iguanas
  A merfolk siren (Sewer)
  5 orc wizards
  8 worker ants
  A merfolk avatar (Sewer)
  A hound skeleton (D:4)
  A hound zombie (D:8)
  A howler monkey zombie (D:10)
  2 worker ant zombies
  3 gnolls (D:9)
  A howler monkey skeleton (D:5)
  4 river rats (Sewer)
  15 adders
  A shadow imp (D:7)
  An ooze (D:3)
  An adder zombie (D:8)
  2 adder skeletons (D:7)
  2 worms
  5 leopard geckos
  31 orcs
  6 ball pythons (Sewer)
  5 giant cockroaches
  5 goblins
  2 hobgoblins
  13 jackals
  7 kobolds
  3 quokkas
  3 bats
  9 frilled lizards
  A quokka skeleton (D:4)
  20 rats
228 creatures vanquished.

Vanquished Creatures (others)
  A wizard (D:9)
  2 centaurs
  A crimson imp (D:9)
4 creatures vanquished.

Grand Total: 232 creatures vanquished

Notes
Turn   | Place    | Note
-------+----------+-------------------------------------------
     0 | D:1      | EnegeticOcto the Deep Dwarf Fighter began the quest for the
                  | Orb.
     0 | D:1      | Reached XP level 1. HP: 20/20 MP: 1/1
    68 | D:1      | Reached XP level 2. HP: 21/27 MP: 2/2
   204 | D:2      | Reached skill level 1 in Dodging
   204 | D:2      | Reached XP level 3. HP: 31/34 MP: 2/2
   273 | D:2      | Reached skill level 3 in Axes
   350 | D:3      | Reached XP level 4. HP: 20/42 MP: 3/3
   421 | D:3      | Reached XP level 5. HP: 41/49 MP: 3/3
   433 | D:3      | Found a white marble altar of Elyvilon.
   550 | D:4      | Reached skill level 4 in Axes
   599 | D:4      | Found a stormy altar of Qazlal.
   599 | D:4      | Found a shattered altar of Ashenzari.
   687 | D:4      | Found a glowing drain.
   696 | Sewer    | Entered a sewer
   801 | Sewer    | Reached XP level 6. HP: 40/57 MP: 4/4
  1257 | D:4      | Reached skill level 5 in Axes
  1257 | D:4      | Reached XP level 7. HP: 42/66 MP: 4/4
  1538 | D:5      | Entered Level 5 of the Dungeon
  1561 | D:5      | Noticed Grinder
  1606 | D:5      | Paralysed by Grinder for 5 turns
  1611 | D:5      | Killed Grinder
  1611 | D:5      | Reached skill level 5 in Fighting
  1720 | D:5      | Reached skill level 5 in Shields
  1758 | D:5      | Found a runed translucent door.
  1759 | D:5      | Noticed Crazy Yiuf
  1931 | D:5      | Reached XP level 8. HP: 64/74 MP: 3/3
  1934 | D:5      | Reached skill level 5 in Armour
  1951 | D:5      | Found a staircase to the Ecumenical Temple.
  1961 | D:5      | Reached skill level 6 in Axes
  1964 | Temple   | Entered the Ecumenical Temple
  1982 | Temple   | Became a worshipper of Makhleb the Destroyer
  2217 | D:5      | Killed Crazy Yiuf
  2309 | D:6      | Reached skill level 1 in Invocations
  2527 | D:6      | Found an ornate altar of the Wu Jian Council.
  2531 | D:6      | Noticed Eustachio
  2552 | D:6      | Killed Eustachio
  2969 | D:7      | Reached skill level 7 in Axes
  2969 | D:7      | Gained mutation: You passively map the area around you.
                  | [Deep Dwarf growth]
  2969 | D:7      | Reached XP level 9. HP: 56/82 MP: 4/4
  2976 | D:7      | Gained mutation: You expend magic power (3 MP) to
                  | strengthen your wands. [potion of mutation]
  2976 | D:7      | Gained mutation: Your system is resistant to poisons.
                  | (rPois) [potion of mutation]
  3012 | D:7      | Reached * piety under Makhleb
  3409 | D:7      | Reached skill level 5 in Invocations
  3547 | D:7      | Reached skill level 5 in Dodging
  3775 | D:8      | Reached skill level 8 in Axes
  3814 | D:8      | Reached ** piety under Makhleb
  3907 | D:8      | Reached XP level 10. HP: 78/94 MP: 7/7
  4354 | D:9      | Found Hesa Hu Cuj's Antique Armour Emporium.
  4412 | D:9      | Noticed a wizard
  4440 | D:9      | Killed a wizard
  4465 | D:9      | Found Ruhopus's General Store.
  4466 | D:9      | Found a glowing silver altar of Zin.
  4473 | D:9      | Bought a scroll of fog for 32 gold pieces
  4562 | D:9      | Found Yjomol's Armour Shoppe.
  4586 | D:9      | Found a sparkling altar of Nemelex Xobeh.
  4726 | D:9      | Found Bezum Dera's Book Shop.
  4974 | D:9      | Found Emof's Weapon Shoppe.
  5098 | D:10     | Entered Level 10 of the Dungeon
  5098 | D:10     | Noticed a two-headed ogre
  5118 | D:10     | Killed a two-headed ogre
  5118 | D:10     | Reached skill level 9 in Axes
  5346 | D:10     | Quit the game

Levels and vault maps discovered:
D:1:      nagdon_arrival_zigzag_paths, layout_rooms
D:2:      layout_loops_ring, dancing_weapons_uskayaw, first_ration,
          uniq_jessica, uniq_sigmund
D:3:      layout_rooms, lemuel_coloured_pillars_altar
D:4:      layout_cave_pools, minitemple, cheibrodos_sewer_entry_drain
D:5:      layout_loops_ring, temple_fountains, uniq_grinder,
          uniq_crazy_yiuf_cottage
D:6:      layout_basic, basic_altar, nrook_mini_vaults, uniq_eustachio
D:7:      layout_gridville, grunt_ogre_cave
D:8:      layout_cave_pools
D:9:      layout_loops_cross, serial_shops, shop, nicolae_shop_behind_doors,
          nicolae_shop_waterfront, shop, nicolae_shop_trees,
          hangedman_feature_mirror
D:10:     layout_loops_ring, david_orc_3, serial_undead, serial_undead_f,
          serial_undead_b, serial_undead_a, serial_undead_b, serial_undead_b,
          serial_undead_e, serial_undead_a, uniq_sonja, uniq_harold
Temple:   eino_narrow_crystal_temple

Skill      XL: |  1  2  3  4  5  6  7  8  9 10 |
---------------+-------------------------------+-----
Fighting       | 3 4 5 6 7 |  7.9
Dodging        | 1 2 3 4 5 6 |  6.2
Axes           | 3 4 5 7 8 9 |  9.2
Shields        | 4 5 6 7 |  7.1
Armour         | 4 5 6 7 |  7.0
Invocations    | 3 6 8 |  8.1

Action                   |  1- 3 |  4- 6 |  7- 9 | 10-12 || total
-------------------------+-------+-------+-------+-------++-------
Melee: War axe           |    84 |   260 |   407 |   211 ||   962
 Abil: Heal Wounds       |     1 |     4 |    14 |    10 ||    29
  Use: Scroll            |       |       |     7 |     1 ||     8
       Potion            |       |       |     1 |       ||     1
  Eat: Chunk             |       |     2 |    12 |     5 ||    19
       Ration            |       |       |     1 |       ||     1
Armor: Scale mail        |    54 |   136 |    21 |       ||   211
       Chain mail        |       |       |    65 |       ||    65
       Plate armour      |       |       |    81 |   140 ||   221
Dodge: Dodged            |    53 |   132 |   112 |    47 ||   344
Block: Kite shield       |    65 |   186 |   289 |   158 ||   698
       Reflection        |       |       |    13 |     4 ||    17

Table legend:
 A = Non-vault XP
 B = Vault XP
 C = Vault XP percentage of total XP
 D = Non-vault monster count
 E = Vault monster count
 F = Vault count percentage of total count
                 A         B        C        D         E       F
            +---------+---------+-------+---------+---------+-------
      Total |    8487 |    1016 |  10.7 |     183 |      49 |  21.1
            +---------+---------+-------+---------+---------+-------
        D:1 |      13 |       0 |   0.0 |       7 |       0 |   0.0
        D:2 |      50 |       0 |   0.0 |      15 |       0 |   0.0
        D:3 |     141 |       0 |   0.0 |      19 |       0 |   0.0
        D:4 |     481 |       3 |   0.6 |      28 |       2 |   6.7
        D:5 |     463 |     323 |  41.1 |      14 |       2 |  12.5
        D:6 |     687 |     217 |  24.0 |      12 |       1 |   7.7
        D:7 |    1522 |     118 |   7.2 |      32 |       1 |   3.0
        D:8 |    1706 |       0 |   0.0 |      30 |       0 |   0.0
        D:9 |    2090 |       0 |   0.0 |      17 |       0 |   0.0
       D:10 |    1334 |     163 |  10.9 |       9 |       3 |  25.0
      Sewer |       0 |     192 | 100.0 |       0 |      40 | 100.0
            +---------+---------+-------+---------+---------+-------
